AoeStats
← Wolf Slayer

Fortress

510158759Analyzed
4v4 RM · 4d ago on Sep 29, 2026· 42m 4s· 8 players
Game mode
Random Map
Map size
Huge
Population
200
Speed
Normal
Resources
Standard
Victory
Conquest
Starting age
Dark Age
Ending age
Imperial Age
RankedLock teamsTeams togetherTeam positionsShared explorationLock speedFull tech treeHidden civsTurbo modeCheats
Victory
Defeat
🇬🇧 Khmer · United Kingdom
1558
+12
🇳🇱 Japanese · Netherlands
1527
+13
🇩🇪 Danes · Germany
1452
+17
🇫🇷 Persians · France
1422
+18
🇨🇦 Italians · Canada
1482
-16
🇧🇷 Britons · Brazil
1475
-15
🇳🇱 Danes · Netherlands
1468
-15
🇦🇷 Magyars · Argentina
1448
-14
AlzzStriker
7:36 Feudal Age
9:02 Double-Bit Axe
9:00 Horse Collar
11:25 Castle Age
12:16 Heavy Plow
18:35 Bow Saw
19:22 Husbandry
21:17 Wheelbarrow
20:57 Loom
21:52 Scale Barding Armor
22:17 Gold Mining
23:53 Forging
24:04 Hand Cart
24:32 Fletching
25:14 Bloodlines
25:39 Treadmill Crane
30:02 Imperial Age
28:41 Ballistics
28:31 Masonry
28:32 Bodkin Arrow
29:32 Stone Mining
30:35 Coinage
31:54 Chemistry
30:56 Bracer
30:57 Padded Archer Armor
31:32 Conscription
31:48 Hoardings
32:40 Banking
32:58 Leather Archer Armor
33:09 Elite Genoese Crossbowman
34:40 Ring Archer Armor
Tylenol
7:17 Feudal Age
10:55 Castle Age
9:09 Double-Bit Axe
9:29 Horse Collar
10:33 Gold Mining
10:53 Fletching
15:33 Bodkin Arrow
23:16 Heavy Plow
23:27 Bow Saw
23:54 Wheelbarrow
29:15 Hand Cart
29:37 Stone Mining
29:37 Gold Mining
33:47 Imperial Age
31:36 Padded Archer Armor
32:04 Scale Mail Armor
32:14 Forging
32:54 Ballistics
32:36 Squires
32:21 Arson
32:15 Pikeman
33:22 Leather Archer Armor
34:26 Gold Shaft Mining
34:17 Chain Mail Armor
34:12 Forging
34:32 Bracer
35:35 Chemistry
35:58 Ring Archer Armor
35:44 Chain Mail Armor
35:40 Forging
37:06 Conscription
36:13 Halberdier
38:43 Plate Mail Armor
40:09 Yeomen
40:05 Loom
40:05 Town Watch
41:15 Iron Casting
41:23 Elite Longbowman
43:06 Iron Casting
Window_of_Opportunity
7:16 Feudal Age
7:29 Feudal Age
9:14 Horse Collar
12:03 Castle Age
11:00 Double-Bit Axe
13:00 Fletching
14:11 Bow Saw
16:14 Heavy Plow
18:24 Gold Mining
18:43 Bodkin Arrow
21:46 Thumb Ring
21:54 Town Watch
21:56 Loom
24:44 Wheelbarrow
26:58 Hand Cart
27:39 Gold Shaft Mining
28:52 Ballistics
32:07 Imperial Age
30:11 Padded Archer Armor
30:03 Stone Mining
33:03 Bracer
33:17 Cranequins
PocaChota
7:26 Feudal Age
11:29 Castle Age
9:16 Double-Bit Axe
9:36 Horse Collar
12:42 Bow Saw
18:30 Wheelbarrow
19:36 Corvinian Army
20:31 Scale Barding Armor
20:34 Gold Mining
21:17 Hand Cart
22:03 Bloodlines
21:54 Husbandry
22:28 Husbandry
27:14 Imperial Age
25:40 Gold Shaft Mining
24:56 Stone Mining
24:58 Treadmill Crane
26:24 Chain Barding Armor
27:04 Fletching
27:36 Ballistics
27:06 Loom
27:27 Pikeman
27:47 Elite Magyar Huszar
28:55 Conscription
29:36 Two-Man Saw
29:49 Plate Barding Armor
29:08 Arson
29:33 Halberdier
30:38 Scale Mail Armor
31:22 Hoardings
33:14 Chain Mail Armor
32:22 Man-at-Arms
32:57 Bodkin Arrow
35:04 Long Swordsman
36:14 Thumb Ring
36:12 Bracer
37:13 Chemistry
36:25 Masonry
36:25 Clinker Construction
37:24 Heavy Plow
38:55 Padded Archer Armor
39:51 Parthian Tactics
软脚虾3号
7:09 Feudal Age
10:46 Castle Age
8:53 Double-Bit Axe
9:02 Horse Collar
11:27 Heavy Plow
11:38 Bow Saw
14:40 Arson
15:43 Squires
15:51 Scale Mail Armor
16:30 Forging
17:12 Chain Mail Armor
18:32 Iron Casting
22:35 Wheelbarrow
23:18 Gold Mining
23:53 Stone Mining
24:20 Hand Cart
24:32 Loom
24:34 Town Watch
27:06 Fletching
30:10 Imperial Age
28:42 Gold Shaft Mining
28:06 Bodkin Arrow
28:11 Padded Archer Armor
29:08 Husbandry
29:19 Bloodlines
29:42 Leather Archer Armor
31:08 Ballistics
30:51 Bracer
31:22 Ring Archer Armor
31:15 Conscription
31:49 Thumb Ring
31:22 Cranequins
34:13 Chemistry
33:19 Siege Engineers
34:34 Heavy Mounted Crossbowman
34:36 Capped Ram
35:31 Siege Ram
38:00 Stone Shaft Mining
38:24 Plate Mail Armor
38:55 Blast Furnace
37:56 Hamask
38:45 Elite Jomsviking
41:14 Hoardings
40:16 Northmen's Fury
chinsa_yama
5:50 Feudal Age
8:33 Double-Bit Axe
11:22 Castle Age
9:05 Horse Collar
12:22 Bow Saw
13:22 Loom
18:45 Wheelbarrow
20:31 Heavy Plow
20:25 Gold Mining
26:01 Imperial Age
24:22 Hand Cart
24:46 Scale Barding Armor
24:52 Forging
24:54 Husbandry
25:29 Bloodlines
26:29 Chain Barding Armor
25:51 Cavalier
28:16 Plate Barding Armor
28:45 Two-Man Saw
28:53 Iron Casting
29:07 Gold Shaft Mining
29:04 Savar
32:12 Blast Furnace
35:38 Light Cavalry
38:22 Conscription
37:48 Hussar
39:26 Crop Rotation
Night Prowler
7:57 Feudal Age
12:17 Castle Age
10:04 Double-Bit Axe
10:12 Horse Collar
13:18 Bow Saw
13:08 Heavy Plow
14:18 Loom
15:46 Scale Mail Armor
21:50 Squires
23:27 Chain Mail Armor
24:39 Forging
26:21 Iron Casting
25:34 Arson
32:50 Imperial Age
32:53 Wheelbarrow
35:44 Heavy Scorpion
40:03 Plate Mail Armor
40:33 Blast Furnace
41:04 Fletching
41:14 Padded Archer Armor
Wolf Slayer
7:24 Feudal Age
11:18 Castle Age
9:20 Horse Collar
9:48 Double-Bit Axe
12:21 Bow Saw
12:29 Heavy Plow
18:46 Wheelbarrow
20:09 Hand Cart
21:32 Gold Mining
26:01 Imperial Age
25:17 Bloodlines
26:18 Scale Barding Armor
26:05 Loom
26:10 Elite Battle Elephant
27:01 Tusk Swords
28:17 Chain Barding Armor
28:09 Forging
29:59 Plate Barding Armor
30:02 Iron Casting
30:06 Husbandry
31:44 Blast Furnace
Connection lost

Rejoining the realm…

Still unreachable

The connection could not be restored.

Session expired

The server has moved on; the page needs a fresh start.